 Dungeon Crawl Stone Soup version 0.17.2-1-ge4368a0 (webtiles) character file.

15 rlgrobin the Sneak (level 2, 0/19 HPs)
             Began as an Octopode Assassin on Apr 20, 2017.
             Slain by an ooze (2 damage)
             ... on level 1 of the Dungeon.
             The game lasted 00:00:29 (313 turns).

rlgrobin the Sneak (Octopode Assassin)               Turns: 313, Time: 00:00:29

Health: 0/19       AC:  1    Str: 10    XL:     2   Next: 50%
Magic:  2/2        EV: 11    Int: 13    God:
Gold:   62         SH:  0    Dex: 13    Spells: 0 memorised, 1 level left

rFire  . . .     SeeInvis .     a - +2 dagger
rCold  . . .     Clarity  .     (no shield)
rNeg   . . .     SustAt   .     (helmet restricted)
rPois  .         Gourm    .     (no amulet)
rElec  .         Spirit   .     (no ring)
rCorr  .         Warding  .     (no ring)
rMut   .         Stasis   .     (no ring)
MR     .....                    (no ring)
Stlth  ++++......               (no ring)
                                (no ring)
                                (no ring)
                                (no ring)

@: not resistant to hostile enchantments, stealthy
A: almost no armour, amphibious, 8 rings, constrict 8, camouflage 1, gelatinous
body 1
a: no special abilities


You were on level 1 of the Dungeon.
You were not hungry.

You visited 1 branch of the dungeon, and saw 1 of its levels.

You collected 62 gold pieces.


Innate Abilities, Weirdness & Mutations

You cannot wear most types of armour.
You are amphibious.
You can wear up to eight rings at the same time.
You can use your tentacles to constrict eight enemies at once.
Your skin changes colour to match your surroundings (Stealth).
Your rubbery body absorbs attacks (AC +1).


   Skills:
 - Level 2.0 Fighting
 + Level 3.0 Short Blades
 - Level 2.0 Throwing
 - Level 1.0 Dodging
 - Level 5.3 Stealth


You had one spell level left.
You didn't know any spells.

Inventory:

Hand Weapons
 a - a +2 dagger (weapon)
 b - a +0 blowgun
Missiles
 c - 8 poisoned needles
 d - 2 curare-tipped needles {=f}
Jewellery
 g - an uncursed amulet of guardian spirit {unknown}
Scrolls
 f - a scroll of teleportation {unknown}
 h - a scroll of identify {unknown}
Comestibles
 e - a bread ration

Dungeon Overview and Level Annotations

Branches:
Dungeon (1/15)

Altars:

▒ ▒%.....▒ ▒.▒ ▒▒▒▒.▒▒
▒.▒▒.....▒▒.▒▒.▒ ▒......
.............▒ ▒.▒▒.▒.
▒..▒.▒▒▒.▒▒.▒ ▒.▒▒.▒.
▒▒▒▒.†▒........▒▒▒.▒▒.▒.
▒...........!......▒▒.▒.
▒.▒▒.▒▒.▒▒▒.............
▒ ▒.▒▒J▒ ▒.......▒▒▒.▒▒
▒..▒x▒ ▒.......▒ ▒.▒▒
▒.▒▒▒.▒)▒ ▒.......▒ ▒...
▒.......▒ ▒.......▒ ▒▒▒▒
▒▒▒▒▒.▒▒▒ ▒.......▒ ▒
▒.▒ ▒▒▒▒▒▒▒▒▒▒▒▒▒▒ ▒.▒
▒.......... ▒.▒
▒.▒▒▒▒▒▒▒▒▒ ▒.▒▒▒▒▒▒ ▒.▒
▒.▒▒...▒ ▒.▒


You could see an ooze.


Message History

You barely miss the jackal! Your grab misses the jackal! The jackal bites you!
The jackal closely misses you!
You take 1 damage, and have 13/19 hp!
You closely miss the jackal! Your grab misses the jackal! The jackal bites you!
You take 2 damage, and have 11/19 hp!
You perforate the jackal but do no damage!
Your grab misses the jackal! The jackal bites you! * * * don't die
* * * You take 2 damage, and have 9/19 hp!
You stick the jackal like a pincushion!
You annihilate the jackal!!!
Your Short Blades skill increases to level 3!!!
You closely miss the jackal! Your grab misses the jackal!
The jackal closely misses you!
You skewer the jackal but do no damage! Your grab misses the jackal!
Your squeeze misses the jackal! The jackal closely misses you!
You barely miss the jackal! Your grab misses the jackal!
The jackal bites you! * * * don't die
* * * You take 2 damage, and have 7/19 hp!
You perforate the jackal like a sieve!
You annihilate the jackal!!!
You spit the ooze like a pig!
The ooze is moderately wounded!
The ooze hits you! * * * don't die
* * * You take 5 damage, and have 2/19 hp!
MASSIVE DAMAGE!!!!!!
You barely miss the ooze!
The ooze is moderately wounded!
The ooze hits you! rip

Action                   || total
-------------------------++-------
Melee: Dagger            ||    35
 Stab: Sleeping          ||     4

Vault maps used:
D:1:      lemuel_arrival_hallway, patterned_corridor

Notes
Turn   | Place    | Note
--------------------------------------------------------------
     0 | D:1      | rlgrobin the Octopode Assassin began the quest for the Orb.
     0 | D:1      | Reached XP level 1. HP: 14/14 MP: 1/1
   248 | D:1      | Reached XP level 2. HP: 13/19 MP: 2/2
   307 | D:1      | Reached skill level 3 in Short Blades
   313 | D:1      | Slain by an ooze

Vanquished Creatures
  A goblin (D:1)
  A hobgoblin (D:1)
  4 jackals (D:1)
  A ball python (D:1)
  2 giant newts (D:1)
  4 kobolds (D:1)
  A rat (D:1)
14 creatures vanquished.
